 Dungeon Crawl Stone Soup version 0.29-a0-96-g93358da72b (webtiles) character file.

Game seed: 17156410731251951105

1328 Gildeon the Chopper (level 8, 0/62 HPs)
             Began as a Formicid Fighter on Feb 11, 2022.
             Slain by a sky beast (2 damage)
             ... on level 5 of the Dungeon.
             The game lasted 00:15:53 (6210 turns).

Gildeon the Chopper (Formicid Fighter)              Turns: 6210, Time: 00:15:53

Health: 0/62       AC:  9    Str: 23    XL:     8   Next: 91%
Magic:  8/8        EV: 10    Int:  8    God:
Gold:   330        SH:  5    Dex: 10    Spells: 7/7 levels left

rFire   . . .      SeeInvis +   a - +0 war axe
rCold   + . .      Faith    .   c - +0 buckler
rNeg    + . .      Spirit   .   h - +2 scale mail {rN+}
rPois   .          Reflect  .   (helmet unavailable)
rElec   .          Harm     .   (no cloak)
rCorr   .          Rampage  .   (no gloves)
Will    .....                   (no boots)
Stlth   ..........              (no amulet)
HPRegen 0.20/turn               f - ring of protection from cold
MPRegen 0.11/turn               (no ring)

@: no status effects
A: permanent stasis, dig shafts and tunnels, antennae 3, four strong arms
a: Dig, Shaft Self


You were on level 5 of the Dungeon.
You visited 1 branch of the dungeon, and saw 6 of its levels.

You collected 330 gold pieces.

Inventory:

Hand Weapons
 a - a +0 war axe (weapon)
 g - a +0 flail
Armour
 c - a +0 buckler (worn)
 h - a +2 scale mail of positive energy (worn)
Jewellery
 f - a ring of protection from cold (left hand)
 k - an amulet of guardian spirit
Wands
 n - a wand of iceblast (4)
Scrolls
 b - a scroll of torment
 e - a scroll of fog
 j - 2 scrolls of magic mapping
Potions
 d - 3 potions of might
 i - a potion of mutation
 l - a potion of flight {unknown}
 m - a potion of attraction {unknown}
 o - a potion of haste {unknown}


   Skills:
 - Level 5.0 Fighting
 * Level 7.9 Axes
 - Level 5.0 Armour
 + Level 3.0 Dodging
 - Level 5.0 Shields
 + Level 0.2 Spellcasting
 + Level 0.3 Evocations


You had 7 spell levels left.
You didn't know any spells.
Your spell library contained the following spells:

 Spells                   Type           Power      Damage    Failure   Level
 Inner Flame              Hex/Fire       0%         N/A       98%         3
 Cause Fear               Hex            0%         N/A       100%        4
 Discord                  Hex            0%         N/A       100%        8


Dungeon Overview and Level Annotations

Branches:
Dungeon (6/15)
 Temple: D:4-7

Altars:
Kikubaaqudgha
Trog
Wu Jian
Yredelemnul


Innate Abilities, Weirdness & Mutations

You cannot be hasted, slowed, berserked, paralysed or teleported.
You can dig through walls and to a lower floor.
You have a pair of large antennae on your head. (SInv)
Your four strong arms can wield two-handed weapons with a shield.


Message History

You climb upwards.
There is a stone staircase leading down here.
Okay, then.
The sky beast flickers out of sight for a moment.
You hit the sky beast.
The sky beast is lightly wounded.
The sky beast hits you but does no damage.
The sky beast flickers out of sight for a moment.
You closely miss the sky beast.
The sky beast is lightly wounded.
The sky beast closely misses you.
The sky beast hits you but does no damage.
You hit the sky beast but do no damage.
The sky beast is lightly wounded.
The sky beast hits you but does no damage.
You barely miss the sky beast.
The sky beast hits you but does no damage.
You hit the sky beast.
The sky beast is lightly wounded.
The sky beast hits you.
* * * LOW HITPOINT WARNING * * *
The sky beast shocks you.
* * * LOW HITPOINT WARNING * * *
You completely miss the sky beast.
The sky beast is lightly wounded.
The sky beast hits you but does no damage.
You slash the sky beast!
The sky beast is moderately wounded.
The sky beast hits you but does no damage.
You hit the sky beast.
The sky beast is heavily wounded.
The sky beast closely misses you.
You slash the sky beast!
The sky beast is almost dead.
The sky beast hits you but does no damage.
The sky beast completely misses you.
You hit the sky beast but do no damage.
The sky beast is almost dead.
The sky beast hits you.
You die...

...._.....#####+#####..........#.
#.......#.)............##.....##.
##.....##.)............##.....##.
.##...##.........................
..##.##+......................##.
..##..###...###....##.........##.
..##..#########....##..........#.
.......................##.....##.
...............Y@......##.....##'
..............................##.
...................##..##........
...................##..##........
.###.###..##.########..##.....###
####.###..##.###...##..##.....###
#.........#..#....#............#
#.........#..#....'............#
#...(.....#..#....#...##.....###


You could see a sky beast.

Vanquished Creatures
  Duvessa (D:4)
  A sky beast (D:5)
  An ice beast (D:6)
  A hornet zombie (D:6)
  A phantom (D:6)
  A scorpion (D:4)
  Dowan (D:4)
  A water moccasin zombie (D:5)
  2 bullfrog skeletons
  3 hounds (D:5)
  3 jellies
  2 orc priests
  A gnoll shaman (D:6)
  2 orc wizards
  3 iguanas
  2 hound skeletons
  12 gnolls
  3 adders
  3 worms
  A dart slug (D:1)
  11 orcs
  A bat zombie (D:5)
  4 endoplasms
  2 giant cockroaches (D:3)
  A hobgoblin (D:4)
  8 jackals
  5 quokkas
  4 ball pythons
  2 bats
  5 frilled lizards
  7 goblins
  6 kobolds
  7 rats
  2 rat zombies (D:5)
110 creatures vanquished.

Notes
Turn   | Place    | Note
-------+----------+-------------------------------------------
     0 | D:1      | Gildeon the Formicid Fighter began the quest for the Orb.
     0 | D:1      | Reached XP level 1. HP: 18/18 MP: 1/1
   115 | D:1      | Reached XP level 2. HP: 7/24 MP: 2/2
   375 | D:1      | Found a faded altar of an unknown god.
   674 | D:1      | Reached skill level 3 in Axes
   949 | D:1      | Reached XP level 3. HP: 29/29 MP: 3/3
  2167 | D:3      | Reached skill level 4 in Axes
  2167 | D:3      | Reached XP level 4. HP: 19/35 MP: 4/4
  2900 | D:3      | Reached XP level 5. HP: 31/41 MP: 5/5
  3165 | D:3      | Found an ornate altar of the Wu Jian Council.
  3289 | D:4      | Reached skill level 5 in Axes
  3555 | D:4      | Noticed Duvessa
  3580 | D:4      | Killed Duvessa
  3581 | D:4      | Reached XP level 6. HP: 19/48 MP: 6/6
  3598 | D:4      | Noticed Dowan
  3739 | D:4      | Killed Dowan
  3740 | D:4      | Reached skill level 6 in Axes
  4257 | D:4      | Reached XP level 7. HP: 48/53 MP: 7/7
  4289 | D:4      | Identified the +9 dagger of Absolution {flame, *Rage rF+
                  | Will+ Int+8}
  4554 | D:4      | Found a bloodstained altar of Trog.
  4626 | D:5      | Entered Level 5 of the Dungeon
  4642 | D:5      | Found a basalt altar of Yredelemnul.
  4941 | D:5      | Reached skill level 1 in Dodging
  5324 | D:5      | Reached skill level 5 in Fighting
  5344 | D:5      | Reached XP level 8. HP: 62/62 MP: 8/8
  5482 | D:5      | Found an ancient bone altar of Kikubaaqudgha.
  5683 | D:5      | Reached skill level 7 in Axes
  5812 | D:6      | Reached skill level 5 in Shields
  6073 | D:6      | Reached skill level 5 in Armour
  6126 | D:6      | HP: 2/62 [sky beast (5)]
  6178 | D:6      | HP: 3/62 [sky beast (6)]
  6205 | D:5      | HP: 1/62 [sky beast (6)]
  6210 | D:5      | Slain by a sky beast

Illustrated notes

Levels and vault maps discovered:
D:1:      lightli_arrival_maybe_door_vault, layout_loops_cross,
          shapermc_ecumenical_altar_starsandcircs
D:2:      layout_basic
D:3:      layout_loops_corners, nicolae_wu_jian_immortal_techniques
D:4:      layout_basic, mainiacjoe_overflow_alcove_2, serial_glass,
          glass_columns_c, glass_columns_a, feat_on_display, item_on_display_b,
          chequers_serial_rivers_micro_e, uniq_duvessa
D:5:      layout_gridville, lemuel_zombie_altar_kikubaaqudgha,
          lemuel_round_altar
D:6:      layout_gridville, solitary_fountain, chequers_serial_rivers_small_b

Skill      XL: |  1  2  3  4  5  6  7  8 |
---------------+-------------------------+-----
Axes           | 3 4 5 6 7 |  7.9
Fighting       | 4 5 |  5.0
Shields        | 4 5 |  5.0
Dodging        | 1 3 |  3.0
Armour         | 4 5 |  5.0
Spellcasting   | |  0.2
Evocations     | |  0.3

Action                   |  1- 3 |  4- 6 |  7- 9 || total
-------------------------+-------+-------+-------++-------
Melee: War axe           |    96 |   113 |   170 ||   379
 Abil: Dig               |     1 |       |       ||     1
  Use: Scroll            |     2 |     4 |     4 ||    10
       Potion            |       |       |     2 ||     2
Armor: Scale mail        |    50 |    40 |    65 ||   155
       Leather armour    |       |     2 |       ||     2
Dodge: Dodged            |    47 |    53 |    77 ||   177
Block: Buckler           |    23 |    21 |    33 ||    77

Table legend: (Time is in decaauts)
 A = Elapsed time spent in this place.
 B = Non-inter-level travel time spent in this place.
 C = Inter-level travel time spent in this place.
 D = Time resting spent in this place.
 E = Time spent auto-exploring this place.
 F = Levels seen in this place.
 G = Mean time per level.
                   A        B        C        D        E       F      G
               +--------+--------+--------+--------+--------+-----+--------+
         Total |   6313 |   6234 |     79 |    330 |   4623 |   6 | 1052.2 |
       Dungeon |   6313 |   6234 |     79 |    330 |   4623 |   6 | 1052.2 |
               +--------+--------+--------+--------+--------+-----+--------+

Top non-repeatable levels by time:
     D:4: 1612 daAuts
     D:3: 1209 daAuts
     D:2: 1059 daAuts
     D:1: 1040 daAuts
     D:5: 944 daAuts
     D:6: 447 daAuts
